 Seeded DCSS version 0.31-a0-214-gb37851dbb3 (webtiles) character file.

Game seed: 10401020035008180600 (custom seed)

319 innerfire43 the Ducker (level 6, 0/49 HPs)
             Began as a Demonspawn Monk on July 1, 2023.
             Slain by Blork the orc
             ... wielding a +0 scimitar
              (7 damage)
             ... on level 6 of the Dungeon.
             The game lasted 00:02:33 (2407 turns).

innerfire43 the Ducker (Demonspawn Monk)            Turns: 2407, Time: 00:02:34

Health: 0/49       AC:  5    Str: 18    XL:     6   Next: 21%
Magic:  6/6        EV: 14    Int: 11    God:
Gold:   877        SH:  0    Dex: 15    Spells: 5/5 levels left

rFire   . . .        p - +3 flail
rCold   . . .        d - orb {light}
rNeg    . . .        b - +0 robe
rPois   .            (helmet restricted)
rElec   .            (no cloak)
rCorr   .            (no gloves)
SInv    +            l - +0 pair of boots
Will    +....        (no amulet)
Stlth   +            k - ring "Ridd" {*Corrode Will+ Str+4 SInv}
HPRegen 0.28/turn    (no ring)
MPRegen 0.10/turn

%: corrode self (3%)
@: confused, ambrosia-drunk, glowing
A: antennae 1, yellow scales 1, demonic guardian 1
a: no special abilities


You were on level 6 of the Dungeon.
You visited 1 branch of the dungeon, and saw 4 of its levels.

You collected 974 gold pieces.
You spent 97 gold pieces at shops.

Inventory:

Hand Weapons
 a - a +0 mace
 p - a +3 flail (weapon)
Armour
 b - a +0 robe (worn)
 d - an orb of light (worn)
 l - a +0 pair of boots (worn)
 m - the +2 helmet "Witasuso" {Will+ Dex+2}
   (You found it on level 2 of the Dungeon)

   Dex:       It affects your dexterity (+2).
   Will:      It increases your willpower.
 n - a +0 plate armour
Jewellery
 k - the ring "Ridd" (left hand) {*Corrode Will+ Str+4 SInv}
   (You found it on level 2 of the Dungeon)

   [ring of see invisible]

   Str:       It affects your strength (+4).
   SInv:      It lets you see invisible.
   *Corrode:  It may corrode you when you take damage.
   Will:      It increases your willpower.
Scrolls
 e - 3 scrolls of enchant armour
 f - a scroll of teleportation {unknown}
 o - a scroll of silence {unknown}
 q - a scroll of blinking {unknown}
Potions
 c - 2 potions of ambrosia
 g - 2 potions of heal wounds {unknown}
 h - a potion of cancellation {unknown}
 i - a potion of curing {unknown}
 j - 3 potions of might {unknown}


   Skills:
 + Level 4.4 Fighting
 + Level 4.0 Maces & Flails
 * Level 4.7 Dodging


You had 5 spell levels left.
You didn't know any spells.
Your spell library contained the following spells:

 Spells                   Type           Power      Damage    Failure   Level
 Freeze                   Ice            0%         1d3       34%         1
 Sublimation of Blood     Necr           0%         N/A       47%         2
 Frozen Ramparts          Ice            0%         1d1       71%         3
 Hailstorm                Conj/Ice       0%         3d3       71%         3
 Ozocubu's Armour         Ice            0%         N/A       71%         3
 Petrify                  Tmut/Erth      0%         N/A       98%         4
 Irradiate                Conj/Tmut      0%         3d11      100%        5
 Ozocubu's Refrigeration  Ice            0%         4d7       100%        7


Dungeon Overview and Level Annotations

Branches:
Dungeon (3/15)

Altars:
Nemelex Xobeh

Shops:
D:6 ?

Annotations:
D:6 Blork the orc


Innate Abilities, Weirdness & Mutations

You have a pair of small antennae on your head.
You are partially covered in yellow scales. (AC +2)
A weak demonic guardian rushes to your aid.


Message History

Blork the orc hits your iron imp with a +0 scimitar!
Your iron imp dies!
Your iron imp disappears in a puff of smoke!
The orc wizard closely misses you. The orc wizard casts a spell at you.
The puff of flame hits you.
You hit the orc wizard but do no damage.
The orc wizard is lightly wounded.
Unknown command.
Blork the orc hits you with a +0 scimitar!
* * * LOW HITPOINT WARNING * * *
A demonic guardian appears!
The orc closely misses you. The orc wizard casts a spell at you.
The puff of flame hits you!
* * * LOW HITPOINT WARNING * * *
Blork the orc zaps a wand.
The puff of flame misses you.
Things that are here:
a +0 falchion; an orc corpse You are confused.
You feel invigorated. Blork the orc completely misses you.
The orc hits you with a +0 club.
* * * LOW HITPOINT WARNING * * *
The orc wizard hits you but does no damage.
Unknown command.
You barely miss the orc wizard.
The orc wizard is lightly wounded.
Blork the orc zaps a wand.
The puff of flame hits you!
* * * LOW HITPOINT WARNING * * *
Your quasit bites the orc wizard but does no damage.
Your quasit claws the orc wizard but does no damage.
Your quasit claws the orc wizard.
The orc closely misses you.
The orc wizard hits you with a +0 dagger.
* * * LOW HITPOINT WARNING * * *
Blork the orc closely misses you.
You bump into the rock wall.
Your quasit closely misses the orc wizard.
Your quasit claws the orc wizard.
Your quasit claws the orc wizard but does no damage.
Blork the orc hits you with a +0 scimitar!
You die...

...........#
.......>...#
...........#
#..........#
#..........#
#......{...#
#########.##
#oo# ##@######
#o5.....#
#.......#
#.......#
#######.......#
..............#
#
......[.......#
.
.........>....#
#
..............#


You could see Blork the orc (fast), an orc wizard (ally target), an orc and a
friendly quasit (summoned).

Vanquished Creatures
  Menkaure (D:6)
  A centaur (D:6)
  A hound (D:6)
  An orc priest (D:3)
  An adder (D:3)
  2 white imps (D:6)
  2 dart slugs
  5 orcs
  5 ball pythons
  6 bats
  3 endoplasms
  A giant cockroach (D:2)
  A goblin (D:2)
  3 hobgoblins (D:1)
  6 kobolds
  4 frilled lizards
  4 rats
47 creatures vanquished.

Notes
Turn   | Place    | Note
-------+----------+-------------------------------------------
     0 | D:1      | innerfire43 the Demonspawn Monk began the quest for the
                  | Orb.
     0 | D:1      | Reached XP level 1. HP: 18/18 MP: 1/1
   203 | D:1      | Gained mutation: A weak demonic guardian rushes to your
                  | aid. [demonic ancestry]
   203 | D:1      | Reached XP level 2. HP: 23/24 MP: 2/2
   929 | D:2      | Gained mutation: You are partially covered in yellow
                  | scales. (AC +2) [demonic ancestry]
   929 | D:2      | Reached XP level 3. HP: 29/29 MP: 3/3
  1087 | D:2      | Identified the +2 helmet "Witasuso" {Will+ Dex+2}
  1111 | D:2      | Identified a scroll of acquirement
  1111 | D:2      | Acquired 878 gold pieces
  1677 | D:2      | Identified the ring "Ridd" {*Corrode Will+ Str+4 SInv}
  1909 | D:3      | Gained mutation: You have a pair of small antennae on your
                  | head. [demonic ancestry]
  1909 | D:3      | Reached XP level 4. HP: 37/37 MP: 4/4
  2082 | D:3      | Found a sparkling altar of Nemelex Xobeh.
  2095 | D:3      | You fall into a shaft and drop 3 floors!
  2194 | D:6      | Noticed a centaur
  2199 | D:6      | Killed a centaur
  2200 | D:6      | Reached XP level 5. HP: 38/42 MP: 5/5
  2242 | D:6      | Found Lifaviag's Magic Scroll Shop.
  2247 | D:6      | Bought a scroll of enchant armour for 97 gold pieces
  2253 | D:6      | Noticed Menkaure
  2259 | D:6      | Killed Menkaure
  2260 | D:6      | Reached XP level 6. HP: 18/49 MP: 6/6
  2387 | D:6      | Noticed Blork the orc
  2407 | D:6      | Slain by Blork the orc

Illustrated notes

Levels and vault maps discovered:
D:1:      shiori_arrival_maze, layout_loops_ring, serial_forest,
          infiniplex_forest_split, infiniplex_forest_lined_corner,
          infiniplex_forest_end_3, infiniplex_forest_lined_3,
          infiniplex_forest_lined_3, infiniplex_forest_lined_3,
          infiniplex_forest_clump_medium
D:2:      layout_basic, serial_corexii_hall, chequers_hall_statues_wall_a,
          chequers_hall_statues_wall_a
D:3:      layout_basic, mainiacjoe_overflow_24_doors, uniq_pargi
D:6:      layout_rooms, minmay_temple_entry_mist, serial_shops,
          nicolae_shop_rolling_square, kennysheep_generic_room_12,
          uniq_menkaure, uniq_blork_the_orc

Skill      XL: |  1  2  3  4  5 |
---------------+----------------+-----
Maces & Flails | 3 4 |  4.0
Dodging        | 3 4 |  4.7
Fighting       | 4 |  4.4

Action                     |  1- 3 |  4- 6 || total
---------------------------+-------+-------++-------
  Melee: Mace              |    80 |     7 ||    87
         Flail             |       |    31 ||    31
    Use: Scroll            |     4 |       ||     4
         Potion            |       |     1 ||     1
 Armour: Robe              |    11 |    10 ||    21
  Dodge: Dodged            |    54 |    24 ||    78

Table legend: (Time is in decaauts)
 A = Elapsed time spent in this place.
 B = Non-inter-level travel time spent in this place.
 C = Inter-level travel time spent in this place.
 D = Time resting spent in this place.
 E = Time spent auto-exploring this place.
 F = Levels seen in this place.
 G = Mean time per level.
                   A        B        C        D        E       F      G
               +--------+--------+--------+--------+--------+-----+--------+
         Total |   2433 |   2289 |    144 |      0 |   1937 |   4 |  608.2 |
       Dungeon |   2433 |   2289 |    144 |      0 |   1937 |   4 |  608.2 |
               +--------+--------+--------+--------+--------+-----+--------+

Top non-repeatable levels by time:
     D:2: 983 daAuts
     D:1: 885 daAuts
     D:6: 318 daAuts
     D:3: 247 daAuts
